 Dungeon Crawl Stone Soup version 0.15-a0-935-g62ff1c1 (webtiles) character file.

218 MDvedh the Slasher (level 5, -1/38 HPs)
             Began as a Demonspawn Gladiator on May 21, 2014.
             Succumbed to poison (a potion of poison)
             ... on Level 3 of the Dungeon.
             The game lasted 00:07:48 (4225 turns).

MDvedh the Slasher (Demonspawn Gladiator)           Turns: 4225, Time: 00:07:48

HP  -1/38        AC 10     Str 17      XL: 5   Next: 63%
MP   5/5         EV  4     Int  9      God:
Gold 87          SH  0     Dex 13      Spells:  0 memorised,  4 levels left

rFire  . . .     SeeInvis .     a - +0 long sword
rCold  . . .     Clarity  .     q - +0 plate armour
rNeg   . . .     Conserve .     (no shield)
rPois  .         rCorr    .     (helmet restricted)
rElec  .         rRot     .     (no cloak)
SustAb .         Spirit   .     (no gloves)
rMut   .         Warding  .     (no boots)
Saprov + . .     Stasis   .     (no amulet)
MR     .....                    (no ring)
                                j - ring of invisibility

@: flying, lethally poisoned, slowed, very slow, not resistant to hostile
enchantments, extremely unstealthy
A: antennae 2, saprovore 1
a: Evoke Invisibility


You were on level 3 of the Dungeon.
You were not hungry.

You visited 1 branch of the dungeon, and saw 4 of its levels.

You collected 87 gold pieces.

Inventory:

Hand weapons
 a - a +0,+0 long sword (weapon)
 u - a +2,+1 antimagic hand axe
Missiles
 d - 3 throwing nets (quivered)
Armour
 q - a +0 plate armour (worn)
Magical devices
 B - a wand of lightning (0)
Comestibles
 f - 3 bread rations
 i - a slice of pizza
 m - 3 meat rations
 s - a cheese
 C - a chunk of hound flesh
Scrolls
 b - a scroll of teleportation {unknown}
 e - 3 scrolls of remove curse {unknown}
 h - 2 scrolls of magic mapping {unknown}
 l - a scroll of fog {unknown}
 n - 6 scrolls of identify {unknown}
 o - a scroll of enchant armour {unknown}
 p - a scroll of immolation {unknown}
 t - a scroll of enchant weapon II {unknown}
 x - a scroll of amnesia {unknown}
 y - a scroll of noise {unknown}
 D - a scroll of random uselessness {unknown}
Jewellery
 j - a ring of invisibility (left hand)
 v - a +3 ring of protection {unknown}
Potions
 c - a potion of curing {unknown}
 g - a potion of flight
 k - a potion of porridge
 r - a potion of might
 w - a potion of poison
 z - a potion of restore abilities {unknown}
 A - 2 potions of heal wounds {unknown}


   Skills:
 - Level 2.0 Fighting
 + Level 5.8 Long Blades
 - Level 1.7 Throwing
 - Level 2.6 Dodging


You had 4 spell levels left.
You didn't know any spells.

Dungeon Overview and Level Annotations

Branches:
Dungeon (4/15)
 Temple: D:4-7

Altars:
Kikubaaqudgha


Innate Abilities, Weirdness & Mutations

You have a pair of antennae on your head.
You can tolerate rotten meat.


Message History

You hit the orc wizard.
The orc wizard is almost dead.
The orc wizard gestures wildly while chanting.
The orc wizard blinks!
The hobgoblin barely misses you. The orc wizard casts a spell at you.
The magic dart hits you!
* * * LOW HITPOINT WARNING * * *
The orc wizard gestures at you while chanting.
You feel yourself slow down.
The hobgoblin hits you but does no damage.
Your plate armour prevents you from hitting the hobgoblin.
The hobgoblin hits you.
* * * LOW HITPOINT WARNING * * *
The orc wizard gestures wildly while chanting.
The orc wizard blinks!
The hobgoblin barely misses you.
Drink which item? (? for menu, Esc to quit)
That liquid tasted very nasty...
You are lethally poisoned!
It was a potion of poison.
You die...

#####..#..# #.... #......#..#
##### #.###..#..# #.###..#..#
#######.........#
######.....####..#...########
....##........#..#...##.....#####
.##.##........#..#...##.###...%..
.##.##........#.@g.>....###'#####
.##..'..%.....#.#########......##
.#####.....##)#.....#####......##
.# #.....##.#####.##...[.....##
.############.#...#.##.....######
....# #.####)#.#.#.##.....# #
###.# #......#.....######## ....#
#.########.### ##### #.# #.#


You could see a hobgoblin.

Vanquished Creatures
  A hound (D:3)
  An orc wizard (D:3)
  3 adders
  3 gnolls (D:2)
  2 giant mites (D:2)
  A worm (D:2)
  2 oozes (D:3)
  2 giant geckos (D:3)
  5 orcs (D:3)
  A ball python (D:3)
  10 bats
  7 giant cockroaches
  9 goblins
  9 hobgoblins
  6 jackals (D:1)
  4 quokkas
  4 giant newts
  9 kobolds
  6 rats
85 creatures vanquished.

Notes
Turn   | Place    | Note
--------------------------------------------------------------
     0 | D:1      | MDvedh, the Demonspawn Gladiator, began the quest for the Orb.
     0 | D:1      | Reached XP level 1. HP: 16/16 MP: 1/1
   151 | D:1      | Reached skill level 3 in Long Blades
   374 | D:1      | Gained mutation: You have a pair of small antennae on your head. [demonic ancestry]
   374 | D:1      | Reached XP level 2. HP: 11/22 MP: 2/2
  1180 | D:1      | Reached XP level 3. HP: 27/27 MP: 3/3
  1492 | D:1      | Reached skill level 4 in Long Blades
  1686 | D:2      | Gained mutation: You can tolerate rotten meat. [demonic ancestry]
  1686 | D:2      | Reached XP level 4. HP: 18/33 MP: 4/4
  1710 | D:2      | HP: 1/33 [gnoll/whip (6)]
  2509 | D:2      | Reached skill level 5 in Long Blades
  3292 | D:3      | Gained mutation: You have a pair of antennae on your head. [demonic ancestry]
  3292 | D:3      | Reached XP level 5. HP: 38/38 MP: 5/5
  3299 | D:3      | Found an ancient bone altar of Kikubaaqudgha.
  4224 | D:3      | HP: 1/38 [hobgoblin (2)]
  4225 | D:3      | Succumbed to poison (a potion of poison)

Action                   |  1- 3 |  4- 6 || total
-------------------------+-------+-------++-------
Melee: Long sword        |   162 |   236 ||   398
Evoke: Wand              |       |     2 ||     2
  Use: Potion            |       |     2 ||     2
